 Seeded DCSS version 0.30.0-5-g1a98f26d00 (webtiles) character file.

Game seed: 2 (custom seed)

412 Kazon the Ducker (level 6, 0/47 HPs)
             Began as a Demonspawn Gladiator on May 8, 2023.
             Was a Plaything of Xom.
             Succumbed to a kobold's poison
             ... on level 4 of the Dungeon.
             The game lasted 00:15:22 (3016 turns).

Kazon the Ducker (Demonspawn Gladiator)             Turns: 3016, Time: 00:15:22

Health: 0/47       AC:  7    Str: 14    XL:     6   Next: 59%
Magic:  6/6        EV: 14    Int: 12    God:    Xom [.....*]
Gold:   190        SH:  0    Dex: 25    Spells: 5/5 levels left

rFire   . . .        s - +3 quarterstaff (chaos)
rCold   + . .        (shield currently unavailable)
rNeg    . . .        y - +1 animal skin
rPois   .            x - +0 helmet
rElec   +            B - +1 cloak
rCorr   .            (no gloves)
SInv    .            z - +0 pair of boots
Will    .....        (no amulet)
Stlth   +++++        p - ring of Fragile Peace {rElec rC+ Dex+5}
HPRegen 0.27/turn    (no ring)
MPRegen 0.10/turn

%: no passive effects
@: mighty, lethally poisoned (0 -> -5)
A: thin skeletal structure 3, foul stench 1
a: Renounce Religion


You were on level 4 of the Dungeon.
You worshipped Xom.
You were Xom's teddy bear.
You visited 1 branch of the dungeon, and saw 4 of its levels.

You collected 190 gold pieces.

Inventory:

Hand Weapons
 a - a +0 flail
 e - a +1 dagger of electrocution
 s - a +3 quarterstaff of chaos (weapon)
Missiles
 d - 3 throwing nets
 h - 6 stones
 j - a javelin
 o - 24 poisoned darts (quivered)
Armour
 x - a +0 helmet (worn)
 y - a +1 animal skin (worn)
 z - a +0 pair of boots (worn)
 B - a +1 cloak (worn)
Jewellery
 p - the ring of Fragile Peace (left hand) {rElec rC+ Dex+5}
   (You acquired it on level 1 of the Dungeon)

   [ring of protection from cold]

   Dex:       It affects your dexterity (+5).
   rC:        It protects you from cold.
   rElec:     It insulates you from electricity.
Wands
 q - a wand of flame (25)
Scrolls
 b - a scroll of fog {unknown}
 i - 3 scrolls of identify {unknown}
 l - 2 scrolls of magic mapping {unknown}
 r - 2 scrolls of fear {unknown}
 v - a scroll of teleportation {unknown}
 D - 2 scrolls of enchant weapon {unknown}
Potions
 c - a potion of ambrosia {unknown}
 f - a potion of flight {unknown}
 g - a potion of lignification {unknown}
 k - a potion of attraction {unknown}
 m - a potion of might
 n - 2 potions of heal wounds {unknown}
 t - a potion of cancellation {unknown}
 u - a potion of resistance {unknown}
 w - a potion of curing {unknown}
 A - a potion of magic {unknown}
 C - a potion of degeneration {unknown}


   Skills:
 + Level 3.0 Fighting
 + Level 2.4 Short Blades
 + Level 3.4 Maces & Flails
 + Level 0.2(2.1) Staves
 + Level 2.1 Throwing
 + Level 1.8 Armour
 + Level 3.5 Dodging
 + Level 1.6 Stealth
 * Level 2.4 Evocations


You had 5 spell levels left.
You didn't know any spells.
Your spell library contained the following spells:

 Spells                   Type           Power      Damage    Failure   Level
 Sting                    Tmut/Pois      0%         1d3       32%         1
 Lesser Beckoning         Tloc           0%         N/A       45%         2
 Gell's Gravitas          Tloc           0%         N/A       69%         3
 Teleport Other           Tloc           0%         N/A       69%         3


Dungeon Overview and Level Annotations

Branches:
Dungeon (4/15)
 Temple: D:4-7

Altars:
Xom


Innate Abilities, Weirdness & Mutations

You have an unnaturally thin skeletal structure. (Dex +6, Stealth+++)
You may rarely emit foul miasma when damaged in melee.


Message History

The adder misses you. The ogre completely misses you.
The adder barely misses you.
You hit the ogre. You burn the ogre.
The ogre is severely wounded.
The adder bites you.
The ogre hits you with a +0 giant club!!
Ouch! That really hurt!
The adder closely misses you. The adder attacks as you move away!
The adder bites you. The ogre attacks as you move away!
The ogre hits you with a +0 giant club!
* * * LOW HITPOINT WARNING * * *
The adder attacks as you move away! The adder bites you but does no damage.
The kobold throws a poisoned dart.
The poisoned dart closely misses you. The adder bites you but does no damage.
You closely miss the adder. The adder closely misses you. The ogre misses you.
You barely miss the ogre.
The ogre is severely wounded.
The adder bites you but does no damage. The adder completely misses you.
You hit the ogre.
The ogre is severely wounded.
The ogre misses you. The adder misses you.
You sock the ogre! You freeze the ogre.
You kill the ogre!
The adder barely misses you.
The kobold throws a poisoned dart.
The poisoned dart hits you!
You are lethally poisoned!
The adder bites you but does no damage.
Your Fighting skill increases to level 3!
You sock the adder!
The adder is severely wounded.
* * * LOW HITPOINT WARNING * * *
You feel very sick. The adder bites you.
* * * LOW HITPOINT WARNING * * *
The kobold misses you. The adder bites you but does no damage.
It was a potion of might.
You feel very mighty all of a sudden.
Xom is amused.
You die...
Xom chortles!

........######.#..##
#'#+#..............#
#.# ##########.#.###
#.# ... #.#.# ..#
#.. #.#.# ###
##...##.#.###
............#
#...###.#####
........K@.#
###.###.##S#
..........s#
....###s#..# ..
...#..# #...#..#
#...#..# ..P.#..#
.#.P.#..#


You could see a scorpion, an adder and a kobold.

Vanquished Creatures
  An ogre (D:4)
  A hound (D:4)
  A jelly (D:3)
  Crazy Yiuf (D:3)
  Jessica (D:3)
  Natasha (thrice) (D:2)
  Robin (D:3)
  5 adders
  2 worms
  3 dart slugs
  3 orcs (D:3)
  4 ball pythons
  4 endoplasms
  5 giant cockroaches
  11 goblins
  7 hobgoblins
  7 kobolds
  5 quokkas
  5 bats
  3 frilled lizards
  4 rats
77 creatures vanquished.

Notes
Turn   | Place    | Note
-------+----------+-------------------------------------------
     0 | D:1      | Kazon the Demonspawn Gladiator began the quest for the Orb.
     0 | D:1      | Reached XP level 1. HP: 16/16 MP: 1/1
   178 | D:1      | Found a faded altar of an unknown god.
   187 | D:1      | Got Plato's Compilation of Poisoning
   188 | D:1      | Prayed at the altar of an unknown god.
   188 | D:1      | Became a worshipper of Xom the Chaotic
   233 | D:1      | Gained mutation: You may rarely emit foul miasma when
                  | damaged in melee. [demonic ancestry]
   233 | D:1      | Reached XP level 2. HP: 22/22 MP: 2/2
   375 | D:1      | XOM: divination: detect creatures
   449 | D:1      | XOM: smoke on damage
  1006 | D:1      | Gained mutation: You have a somewhat thin skeletal
                  | structure. (Dex +2, Stealth+) [demonic ancestry]
  1006 | D:1      | Reached XP level 3. HP: 26/27 MP: 3/3
  1046 | D:1      | XOM: divination: magic mapping
  1149 | D:1      | Identified a scroll of acquirement
  1149 | D:1      | Acquired the ring of Fragile Peace {rElec rC+ Dex+5}
  1167 | D:2      | Noticed Natasha
  1284 | D:2      | XOM: cast spell 'Summon Ice Beast'
  1287 | D:2      | Killed Natasha
  1288 | D:2      | Reached skill level 1 in Armour
  1334 | D:2      | XOM: noise
  1344 | D:2      | Gained mutation: You have a moderately thin skeletal
                  | structure. (Dex +4, Stealth++) [demonic ancestry]
  1344 | D:2      | Reached XP level 4. HP: 28/34 MP: 4/4
  1713 | D:2      | Noticed Natasha
  1722 | D:2      | Killed Natasha
  1723 | D:2      | Reached skill level 1 in Short Blades
  1856 | D:2      | Noticed Natasha
  1867 | D:2      | Killed Natasha
  1868 | D:2      | Reached skill level 1 in Evocations
  1923 | D:3      | XOM: 1-stop teleportation journey
  1957 | D:3      | Found a shimmering altar of Xom.
  1959 | D:3      | Found a shimmering altar of Xom.
  1959 | D:3      | Found a shimmering altar of Xom.
  1960 | D:3      | Found a shimmering altar of Xom.
  1969 | D:3      | Gained mutation: You have an unnaturally thin skeletal
                  | structure. (Dex +6, Stealth+++) [demonic ancestry]
  1969 | D:3      | Reached XP level 5. HP: 39/39 MP: 5/5
  2193 | D:3      | Noticed Robin
  2201 | D:3      | Killed Robin
  2207 | D:3      | XOM: noise
  2263 | D:3      | Noticed Jessica
  2288 | D:3      | Killed Jessica
  2545 | D:3      | Reached XP level 6. HP: 46/46 MP: 6/6
  2815 | D:3      | XOM: scenery: summon butterflies
  2836 | D:3      | Found a runed translucent door.
  2837 | D:3      | Noticed Crazy Yiuf
  2844 | D:3      | Killed Crazy Yiuf
  2845 | D:3      | Reached skill level 1 in Stealth
  3001 | D:4      | XOM: noise
  3015 | D:4      | HP: 1/47 [adder (2)]
  3016 | D:4      | Succumbed to a kobold's poison

Illustrated notes

Levels and vault maps discovered:
D:1:      dpeg_arrival_lava_altar, layout_basic,
          shapermc_ecumenical_altar_rom_forum
D:2:      layout_rooms, solitary_fountain, minmay_tromino_v4_a, uniq_natasha
D:3:      minmay_diamond_boxcup, layout_loops_ring, xom_redecorated,
          uniq_jessica, uniq_crazy_yiuf_cottage, uniq_robin
D:4:      layout_basic, mainiacjoe_overflow_boulevard, serial_shops, shop

Skill      XL: |  1  2  3  4  5  6 |
---------------+-------------------+-----
Dodging        | 3 |  3.5
Maces & Flails | 3 |  3.4
Armour         | 1 |  1.8
Short Blades   | 1 2 |  2.4
Evocations     | 1 2 |  2.4
Throwing       | 2 |  2.1
Stealth        | 1 |  1.6
Fighting       | 3 |  3.0
Staves         | |  0.2

Action                     |  1- 3 |  4- 6 || total
---------------------------+-------+-------++-------
  Melee: Flail             |    54 |    15 ||    69
         Punch             |     5 |     1 ||     6
         Short sword       |    58 |       ||    58
         Dagger            |       |   102 ||   102
         Quarterstaff      |       |    10 ||    10
  Throw: Stone             |     8 |    15 ||    23
         Dart              |       |     4 ||     4
    Use: Scroll            |     1 |       ||     1
         Potion            |       |     1 ||     1
   Stab: Sleeping          |     1 |    14 ||    15
 Armour: Leather armour    |    30 |    13 ||    43
         Animal skin       |       |     6 ||     6
  Dodge: Dodged            |    65 |    74 ||   139
